 Dungeon Crawl Stone Soup version 0.29.1-13-g9f3cf754e1 (webtiles) character file.

Game seed: 15832051236196789971

14051 shadowmeld the Thaumaturge (level 12, -1/102 HPs)
             Began as a Djinni Transmuter on Jan 31, 2023.
             Was an Elder of Ashenzari.
             Slain by an Executioner (16 damage)
             ... on level 3 of the Abyss.
             The game lasted 01:27:39 (15079 turns).

shadowmeld the Thaumaturge (Djinni Transmuter)     Turns: 15079, Time: 01:27:40

Health: -1/102     AC: 16    Str:  9    XL:     12   Next: 40%
Gold:   682        EV: 13    Int: 20    God:    Ashenzari [****..] SH:  0 Dex: 14

rFire   x . .      SeeInvis +     - Unarmed
rCold   + + +      Faith    .   (shield currently unavailable)
rNeg    . . .      Spirit   .   (body armour currently unavailable)
rPois   ∞          Reflect  .   (helmet currently unavailable)
rElec   .          Harm     .   (cloak currently unavailable)
rCorr   .          Rampage  .   (gloves currently unavailable)
Will    +....      Clarity  +   (boots unavailable)
Stlth   +.........              (no amulet)
HPRegen 0.27/turn               a - ring "Celestial Gnosis" {AC+4, Melee, Fort} (curse)
MPRegen 0.00/turn               (no ring)

@: ice-form, flying
A: freezing attack, flying, boosted hp, sickness immunity, large, (fire
resistance 2), (cold vulnerability 1), float, innate caster, HP casting, extra
vitality 1
a: End Transformation, Renounce Religion, Curse Item, Shatter the Chains


You were on level 3 of the Abyss.
You worshipped Ashenzari.
Ashenzari was greatly pleased with you.
You were a creature of crystalline ice.
You visited 2 branches of the dungeon, and saw 12 of its levels.
You visited the Abyss 1 time.
You also visited: Bailey.

You collected 889 gold pieces.
You spent 207 gold pieces at shops.

Inventory:

Missiles
 q - 25 poisoned darts
 u - 7 curare-tipped darts
Armour
 c - a +2 robe of fire resistance
 h - the cursed +0 helmet of Ashenzari's Augurer (melded) {Cun, Evo}
   (You found it on level 1 of the Dungeon)

   It has a curse which improves the following skills: Cunning: Dodging and
   Stealth.
   Evocations: Evocations.
 r - a +0 troll leather armour
 t - the cursed +0 buckler of Ashenzari's Paranoia (melded) {Cun, Fort}
   (You found it on level 3 of the Dungeon)

   It has a curse which improves the following skills: Cunning: Dodging and
   Stealth.
   Fortitude: Armour and Shields.
 x - a +1 robe of positive energy
 C - a +3 chain mail of poison resistance
 D - the cursed +2 robe "Revealing Inconvenience" (melded) {Rampage *Slow rC++ Stlth+, Self, Cun}
   (You found it on level 7 of the Dungeon)

   rC:        It greatly protects you from cold.
   *Slow:     It may slow you when you take damage.
   Rampage:   It bestows one free step when moving towards enemies.
   Stlth:     It makes you more stealthy.
   It has a curse which improves the following skills: Introspection: Fighting
   and Spellcasting.
   Cunning:   Dodging and Stealth.
 E - the cursed +2 pair of gloves "Restrained With Me" (melded) {infuse, Cun, Evo}
   (You bought it in a shop on level 7 of the Dungeon)

   It has a curse which improves the following skills: Cunning: Dodging and
   Stealth.
   Evocations: Evocations.
 F - the cursed +2 cloak "Dismay of Ashenzari" (melded) {Self, Fort}
   (You bought it in a shop on level 7 of the Dungeon)

   It has a curse which improves the following skills: Introspection: Fighting
   and Spellcasting.
   Fortitude: Armour and Shields.
 K - a scarf of harm
 L - +0 acid dragon scales
Jewellery
 a - the cursed ring "Celestial Gnosis" (left front paw) {AC+4, Melee, Fort}
   (You found it on level 4 of the Dungeon)

   [ring of protection]

   AC:        It affects your AC (+4).
   It has a curse which improves the following skills: Melee Combat: Short
   Blades, Long Blades, Axes, Maces & Flails, Polearms, Staves and Unarmed
   Combat.
   Fortitude: Armour and Shields.
 y - a ring of fire
Wands
 d - a wand of mindburst (25) (quivered)
 z - a wand of polymorph (9)
 H - a wand of flame (16)
Scrolls
 e - 2 scrolls of silence
 f - 3 scrolls of magic mapping
 g - 2 scrolls of fog
 j - a scroll of torment
 k - a scroll of poison
 m - 8 scrolls of teleportation
 n - a scroll of fear
 p - 2 scrolls of noise
 s - a scroll of enchant armour
 w - 2 scrolls of enchant weapon
 I - a scroll of blinking
 J - a scroll of immolation
Potions
 b - a potion of lignification
 i - 2 potions of attraction
 l - 2 potions of curing
 o - 2 potions of invisibility
 v - 2 potions of berserk rage
 A - 3 potions of haste
 B - 3 potions of might
 G - a potion of ambrosia


   Skills:
 * Level 7.0 Fighting
 * Level 8.4 Dodging
 + Level 8.0(10.0) Unarmed Combat
 * Level 11.5 Spellcasting
 + Level 0.2 Evocations


You had 9 spell levels left.
You knew the following spells:

 Your Spells              Type           Power      Damage    Failure   Level
a - Beastly Appendage     Tmut           100%       N/A       1%          1
b - Wereblood             Tmut           55%        N/A       1%          2
c - Spider Form           Tmut/Pois      55%        N/A       1%          3
d - Ice Form              Ice/Tmut       55%        N/A       1%          4
e - Summon Small Mammal   Summ           100%       N/A       1%          1
f - Ensorcelled Hibernat  Hex/Ice        100%       N/A       1%          2
g - Call Canine Familiar  Summ           55%        N/A       1%          3
h - Summon Ice Beast      Ice/Summ       55%        N/A       1%          4
i - Agony                 Necr           55%        N/A       1%          5
Your spell library was empty.

Dungeon Overview and Level Annotations

Branches:
Dungeon (11/15)            Temple (1/1) D:5            Lair (0/5) D:10
 Bailey (visited)
    Orc: D:9-12

Altars:
Ashenzari
Cheibriados
Fedhas
Gozag
Hepliaklqana
Nemelex Xobeh
Okawaru
Ru
Trog
Zin
The Shining One

Shops:
D:7 [=!=   D:8 *

Annotations:
D:7 Ring Shops! Here
D:8 Mirror shop
D:10 LAIR


Innate Abilities, Weirdness & Mutations

You are a creature of crystalline ice.
You have a powerful freezing melee attack.
You are flying.
Your maximum health is increased.
Your armour is entirely melded.
You are incapable of wielding weapons or throwing items.
You are immune to sickness and miasma.
You are immune to poison.
((Your flesh is very heat resistant. (rF++)))
((You are vulnerable to cold. (rC-)))
You float through the air rather than walking.
You learn spells naturally, not from books.
Your magical power is your life essence.
You have superior vitality. (+4 MHP)


Message History

Blink to where?
Press: ? - help, Dir - move target
As you read the scroll of blinking, it crumbles to dust.
An apocalypse crab comes into view.
The apocalypse crab breathes chaos at you.
A tentacled starspawn comes into view.
The Executioner barely misses you.
The Executioner hits you but does no damage.
The Executioner closely misses you. x2
The Executioner hits you but does no damage. x2
The Executioner hits you but does no damage. x2
The Executioner hits you.
The Executioner hits you but does no damage. x3
The apocalypse crab breathes chaos at you.
The blast of chaos engulfs you.
Found a gateway leading out of the Abyss.
The Executioner is engulfed in seething chaos. x2
The Executioner hits you but does no damage. x3
The Executioner is engulfed in seething chaos.
The Executioner suddenly seems more agile.
The Executioner barely misses you. The Executioner hits you!
The Executioner barely misses you.
A rakshasa comes into view. It is wielding a +0 long sword.
The Executioner is engulfed in seething chaos.
The Executioner hits you!
The Executioner hits you but does no damage. x2
The Executioner is engulfed in seething chaos.
The Executioner hits you! The Executioner hits you.
The Executioner barely misses you.
The Executioner is engulfed in seething chaos.
The Executioner hits you!
* * * LOW HITPOINT WARNING * * *
The Executioner closely misses you. The Executioner hits you.
* * * LOW HITPOINT WARNING * * *
The tentacled starspawn is engulfed in seething chaos.
The tentacled starspawn is moving more slowly.
The apocalypse crab misses you. The apocalypse crab barely misses you.
Okay, then.
The Executioner hits you!
You die...

, .......##....#.###
,*, , ,, #.....
Y#####...* , , * ,
.####*##3##.#..## *, ,
, ##.##.....#.# *, *
,,,,, * ####3##...§# ,
* ,*** ## ##t.#...§#
,* * , **#.###.X..#..
# *, , * ##..#......#
**** * ,
***#.Y#..#...#.# ,* ,
, **** ,
##t1.......#****, * ,
##..R#...#..#..# * , ,
*
......#..####..#...,,*
_.#....#... *,.#.#.. *
*, , ,*,..#..##...#
*.....#. ,
,.*...#..... *....#.,,
,* , , #....##..#.
..#, , , ,* **
.#,.....#*,, * *


You could see an Executioner (fast, agile), a rakshasa and an apocalypse crab.

Vanquished Creatures
  Snorg (D:10)
  A centaur warrior (D:10)
  Maurice (D:9)
  An unseen horror (D:10)
  A troll (D:10)
  A vampire (D:10)
  2 yaks (D:9)
  2 wyverns
  2 steam dragons
  An acid dragon (D:11)
  A swamp drake (D:10)
  3 ice beasts
  A sky beast (D:7)
  6 orc warriors
  An ogre (D:6)
  A wolf (D:9)
  2 phantoms
  8 centaurs (Bailey)
  2 kobold brigands
  2 bullfrogs (D:7)
  A necrophage (D:5)
  2 scorpions (D:7)
  5 wights (D:8)
  2 killer bees
  2 electric eels (D:8)
  3 howler monkeys
  2 hounds (D:5)
  3 iguanas
  An iron imp (D:3)
  A gnoll bouda (D:7)
  7 orc wizards
  5 adders
  4 white imps
  A worm (D:4)
  A dart slug (D:1)
  24 orcs
  2 ball pythons
  4 bats
  5 endoplasms
  5 giant cockroaches
  4 goblins
  5 hobgoblins
  9 kobolds
  3 frilled lizards
  5 rats
146 creatures vanquished.

Vanquished Creatures (collateral kills)
  3 two-headed ogres
  A kobold demonologist (D:7)
  A komodo dragon (D:10)
  2 trolls (D:7)
  Sigmund (D:5)
  A shadow (D:10)
  6 yaks (D:9)
  A wyvern (D:10)
  A basilisk (D:10)
  Grum (D:9)
  A steam dragon (D:10)
  Menkaure (D:7)
  Edmund (D:5)
  6 orc warriors
  An ice beast (D:7)
  A sky beast (D:7)
  5 centaurs
  2 ogres
  A wolf (D:9)
  A phantom (D:6)
  2 bullfrogs (D:7)
  2 scorpions
  4 wights
  6 killer bees
  5 howler monkeys (D:9)
  A crimson imp (D:11)
  2 orc priests (D:8)
  An iguana (D:5)
  A gnoll bouda (D:8)
  Ijyb (D:5)
  3 orc wizards
  4 gnolls (D:8)
  An ufetubus (D:7)
  A worm (D:3)
  16 orcs
  An endoplasm (D:4)
  4 goblins (D:7)
  A hobgoblin (D:4)
  3 quokkas
  2 ball pythons
  A frilled lizard (D:3)
  4 kobolds
  3 rats
107 creatures vanquished.

Grand Total: 253 creatures vanquished

Notes
Turn   | Place    | Note
-------+----------+-------------------------------------------
     0 | D:1      | shadowmeld the Djinni Transmuter began the quest for the
                  | Orb.
     0 | D:1      | shadowmeld set off with the following spells memorised:
                  | Beastly Appendage, Wereblood, Spider Form, Ice Form.
     0 | D:1      | Reached XP level 1. HP: 17/17 MP: 0/0
   256 | D:1      | Reached XP level 2. HP: 13/22 MP: 0/0
  1200 | D:2      | Reached XP level 3. HP: 26/27 MP: 0/0
  1200 | D:2      | Learned a level 1 spell: Summon Small Mammal
  1703 | D:2      | Reached skill level 2 in Spellcasting
  2511 | D:3      | Reached XP level 4. HP: 23/32 MP: 0/0
  2608 | D:3      | Found a faded altar of an unknown god.
  2839 | D:3      | Found a snail-covered altar of Cheibriados.
  2855 | D:3      | Reached XP level 5. HP: 30/38 MP: 0/0
  2855 | D:3      | Learned a level 2 spell: Ensorcelled Hibernation
  3590 | D:4      | Noticed an ogre
  3624 | D:4      | Killed an ogre
  3625 | D:4      | Reached skill level 3 in Spellcasting
  3625 | D:4      | Reached XP level 6. HP: 31/43 MP: 0/0
  4919 | D:5      | Entered Level 5 of the Dungeon
  4919 | D:5      | Found an iron altar of Okawaru.
  4932 | D:5      | Noticed an ogre
  4942 | D:5      | Killed an ogre
  4943 | D:5      | Reached skill level 4 in Spellcasting
  4943 | D:5      | Reached XP level 7. HP: 14/49 MP: 0/0
  4943 | D:5      | Learned a level 3 spell: Call Canine Familiar
  5221 | D:5      | Found a staircase to the Ecumenical Temple.
  5226 | D:5      | Noticed Edmund
  5256 | D:5      | Killed Edmund
  5269 | Temple   | Entered the Ecumenical Temple
  5274 | Temple   | Became a worshipper of Ashenzari the Shackled
  5309 | D:5      | Reached skill level 5 in Spellcasting
  5309 | D:5      | Reached XP level 8. HP: 40/56 MP: 0/0
  5659 | D:5      | Noticed Ijyb
  5680 | D:5      | Killed Ijyb
  5817 | D:5      | Noticed Sigmund
  5833 | D:5      | Killed Sigmund
  6632 | D:6      | Reached skill level 6 in Spellcasting
  6785 | D:6      | Reached * piety under Ashenzari
  6942 | D:6      | Reached XP level 9. HP: 23/62 MP: 0/0
  6942 | D:6      | Learned a level 4 spell: Summon Ice Beast
  7022 | D:6      | Identified the cursed +0 helmet of Ashenzari's Augurer
                  | {Cun, Evo} (You found it on level 1 of the Dungeon)
  7229 | D:7      | Noticed Menkaure
  7240 | D:7      | Killed Menkaure
  7241 | D:7      | Reached skill level 5 in Unarmed Combat
  7485 | D:7      | Reached skill level 5 in Dodging
  7485 | D:7      | Reached skill level 7 in Spellcasting
  7485 | D:7      | Found a flagged portal.
  7494 | Bailey   | Entered a bailey
  8359 | Bailey   | Reached XP level 10. HP: 47/69 MP: 0/0
  8371 | Bailey   | Reached skill level 8 in Spellcasting
  8940 | D:7      | Found Pies Afe's Distillery.
  8966 | D:7      | Reached ** piety under Ashenzari
  9023 | D:7      | Found Fiaxt's Jewellery Emporium.
  9034 | D:7      | Identified the cursed +2 robe "I Foresaw This" {Archmagi,
                  | Self, Fort} (You took it off an orc wizard on level 3 of
                  | the Dungeon)
  9133 | D:7      | Reached skill level 5 in Fighting
  9162 | D:7      | Noticed a kobold demonologist
  9175 | D:7      | Killed a kobold demonologist
  9203 | D:7      | Found a snail-covered altar of Cheibriados.
  9206 | D:7      | Found a sacrificial altar of Ru.
  9222 | D:7      | Found a broken altar of Ashenzari.
  9222 | D:7      | Found a blossoming altar of Fedhas.
  9389 | D:7      | Reached skill level 9 in Spellcasting
  9693 | D:7      | Identified the +2 robe "Epraf" {Rampage *Slow rC++ Stlth+}
  9868 | D:7      | Found Poigafom's Armour Emporium.
  9876 | D:7      | Bought a +0 pair of gloves of infusion for 149 gold pieces
  9876 | D:7      | Bought a +0 cloak for 58 gold pieces
 10122 | D:7      | Reached *** piety under Ashenzari
 10143 | D:7      | Found Odwuseas's Jewellery Shoppe.
 10348 | D:7      | Identified the cursed +0 buckler of Ashenzari's Paranoia
                  | {Cun, Fort} (You found it on level 3 of the Dungeon)
 10566 | D:8      | Reached XP level 11. HP: 76/76 MP: 0/0
 10566 | D:8      | Learned a level 5 spell: Agony
 11041 | D:8      | Noticed a two-headed ogre
 11055 | D:8      | Noticed a two-headed ogre
 11155 | D:8      | Killed a two-headed ogre
 11176 | D:8      | Killed a two-headed ogre
 11177 | D:8      | Reached skill level 10 in Spellcasting
 11300 | D:8      | Found Leal's Assorted Antiques.
 11740 | D:8      | Found an opulent altar of Gozag.
 12042 | D:9      | Noticed Grum
 12062 | D:9      | Killed Grum
 12578 | D:9      | Noticed Maurice
 12598 | D:9      | Killed Maurice
 12855 | D:9      | Noticed a two-headed ogre
 12869 | D:9      | Killed a two-headed ogre
 13184 | D:9      | Reached XP level 12. HP: 62/84 MP: 0/0
 13557 | D:10     | Entered Level 10 of the Dungeon
 13640 | D:10     | Noticed Snorg
 13653 | D:10     | Killed Snorg
 13654 | D:10     | Reached skill level 11 in Spellcasting
 13855 | D:10     | Noticed a centaur warrior
 13877 | D:10     | Killed a centaur warrior
 14340 | D:10     | Reached **** piety under Ashenzari
 14635 | D:10     | Found a staircase to the Lair.
 14998 | Abyss:3  | Cast into level 3 of the Abyss (a wizard)
 15030 | Abyss:3  | Noticed a wretched star
 15067 | Abyss:3  | Noticed an Executioner
 15075 | Abyss:3  | Noticed a tentacled starspawn
 15078 | Abyss:3  | Noticed a rakshasa
 15079 | Abyss:3  | Slain by an Executioner

Illustrated notes

Levels and vault maps discovered:
D:1:      onia_arrival_mini_maze, layout_basic
D:2:      layout_basic
D:3:      layout_rooms, slow_altar_1, basic_ecumenical_altar,
          minmay_misc_feat_roman
D:4:      layout_loops_corners, grunt_decor_arrowhead
D:5:      layout_cave_pods, okawaru_ov_weapons_minmay,
          minmay_temple_entry_large_hall, minmay_misc_feat_nine_boxes,
          uniq_sigmund, uniq_ijyb, uniq_edmund
D:6:      layout_cave_pools, nicolae_titane
D:7:      minmay_the_grid_octo_2x2 [minmay_the_grid_octo_checkerflower,
          minmay_the_grid_octo_shrine, minmay_the_grid_octo_vomiting_pacman,
          minmay_the_grid_octo_prize_single_spiral], layout_loops_ring,
          serial_shops, shop, shop, shop, enter_bailey_3, st_stairs_11,
          nicolae_stop_n_shop_2, uniq_menkaure
D:8:      nicolae_cairo_tiling, layout_loops_cross,
          mainiacjoe_overflow_alcove_2, serial_shops, nicolae_shop_crystal,
          nrook_pool_corridor, minivault_1, lightli_minifort
D:9:      layout_irregular_city, uniq_grum, uniq_maurice
D:10:     layout_small_grid, erik_lair_dragon, hangedman_abyss_or_decor_stagger,
          uniq_snorg
D:11:     layout_basic, lightli_wizard_tower, uniq_nergalle
Temple:   compressed_dpeg_triangle_lava_temple
Abyss:3:  base: D:6, evilmike_abyss_exit_mutagenic

Skill      XL: |  1  2  3  4  5  6  7  8  9 10 11 12 |
---------------+-------------------------------------+-----
Spellcasting   | 2 3 4 5 6 7 9 10 11 | 11.5
Dodging        | 3 4 5 6 8 |  8.4
Fighting       | 2 3 4 5 6 7 |  7.0
Unarmed Combat | 4 5 6 7 8 |  8.0
Evocations     | |  0.2

Action                   |  1- 3 |  4- 6 |  7- 9 | 10-12 || total
-------------------------+-------+-------+-------+-------++-------
Melee: Unarmed           |   125 |   105 |   124 |   215 ||   569
       Headbutt          |    15 |    22 |     4 |       ||    41
       Punch             |     1 |     3 |     1 |     1 ||     6
Throw: Dart              |       |       |     1 |       ||     1
 Cast: Beastly Appendage |    26 |    17 |     5 |       ||    48
       Summon Small Mamm |    17 |    57 |    27 |     9 ||   110
       Ensorcelled Hiber |       |     3 |       |     1 ||     4
       Call Canine Famil |       |       |    24 |    40 ||    64
       Spider Form       |       |       |     5 |       ||     5
       Ice Form          |       |       |     9 |    32 ||    41
       Summon Ice Beast  |       |       |    11 |    46 ||    57
Invok: Curse Item        |       |       |     2 |     5 ||     7
       Shatter the Chain |       |       |       |     1 ||     1
Evoke: Wand              |       |       |       |     4 ||     4
  Use: Scroll            |       |     4 |       |     5 ||     9
       Potion            |       |       |     2 |     2 ||     4
 Stab: Sleeping          |     1 |       |       |     1 ||     2
       Distracted        |       |       |     3 |     3 ||     6
Armor: Robe              |    30 |    18 |     7 |       ||    55
       Skin              |       |       |    79 |   125 ||   204
Dodge: Dodged            |    95 |    62 |   114 |   162 ||   433
